WCHLSIM.com - West Coast Hockey League
html PUBLIC "-//W3C//DTD XHTML 1.0 Transitional//EN" "http://www.w3.org/TR/xhtml1/DTD/xhtml1-transitional.dtd"> WCHL - Game 1261 - OKANAGAN RATTLESNAKES vs SAN DIEGO THUNDER

OKANAGAN RATTLESNAKES vs SAN DIEGO THUNDER

Created - 16 avril 2024 at 22:06

Goals
1 2 3 OT1 SO T
OKANAGAN RATTLESNAKES 1 1 2 0 0 4
SAN DIEGO THUNDER 2 0 2 0 1 5
Shots
1 2 3 OT1 SO T
OKANAGAN RATTLESNAKES 11 11 10 2 3 34
SAN DIEGO THUNDER 10 3 13 3 2 29

1st period

1. SAN DIEGO THUNDER , Wyatt Johnston 17 (Dmitri Voronkov 8) at 2:19
2. SAN DIEGO THUNDER , Drake Batherson 33 (Charles McAvoy 46, Eetu Luostarinen 20) at 11:46
3. OKANAGAN RATTLESNAKES , T.J. Oshie 31 (Jeremy Lauzon 14) at 14:15

Penalties :
No Penalty

2nd period

4. OKANAGAN RATTLESNAKES , T.J. Oshie 32 (Jeremy Lauzon 15, Anders Lee 42) at 3:36

Penalties :
Connor Murphy (SDG) for Interference (Minor) at 6:16, Arber Xhekaj (OKA) for Hooking (Minor) at 13:51, Mark Kastelic (SDG) for Slashing (Minor) at 16:40, Jujhar Khaira (OKA) for Interference (Minor) at 19:06

3rd period

5. SAN DIEGO THUNDER , Isac Lundestrom 10 (Luke Kunin 8, Erik Cernak 17) at 1:29
6. SAN DIEGO THUNDER , Drake Batherson 34 (Erik Cernak 18) at 3:00
7. OKANAGAN RATTLESNAKES , Mike Hoffman 20 (Blake Coleman 21, Lars Eller 30) at 10:19
8. OKANAGAN RATTLESNAKES , Anders Lee 37 (T.J. Oshie 32, Jujhar Khaira 25) at 14:43

Penalties :
Adam Boqvist (SDG) for Roughing (Double Minor) at 17:33

Overtime #1

No Goal

Penalties :
No Penalty

Shootout

OKANAGAN RATTLESNAKES, Oskar Sundqvist - Stopped by Connor Hellebuyck
SAN DIEGO THUNDER, Drake Batherson - Goal!
OKANAGAN RATTLESNAKES, Jujhar Khaira - Stopped by Connor Hellebuyck
SAN DIEGO THUNDER, Eetu Luostarinen - Shot Misses the Net
OKANAGAN RATTLESNAKES, Anders Lee - Stopped by Connor Hellebuyck

Penalties :
No Penalty

Goalie Stats

James Reimer (OKA), 14 saves from 18 shots - (0,778), 43:00 minutes
Spencer Martin (OKA), 11 saves from 11 shots - (1,000), OTL, 0-0-1, 22:00 minutes
Connor Hellebuyck (SDG), 30 saves from 34 shots - (0,882), W, 28-32-8, 65:00 minutes

Players Stats for OKANAGAN RATTLESNAKES

Player Name              G  A  P  +/- PIM S  H  SB GA TA FO     MP     PP MP  PK MP  
------------------------------------------------------------------------------------
Adam Clendening          0  0  0   3  0   0  0  0  0  0  0/0    19:21   1:50   1:02 
Anders Lee               1  1  2   1  0   6  0  0  0  0  1/2    22:45   3:25   1:40 
Arber Xhekaj             0  0  0   0  2   1  4  0  0  0  0/0    17:44   2:43   1:12 
Blake Coleman            0  1  1   0  0   5  0  0  0  0  1/2    18:48   3:16   0:49 
Casey Cizikas            0  0  0  -1  0   3  2  1  0  0  11/20  18:11   3:25   2:12 
Colton Parayko           0  0  0  -3  0   2  0  3  0  0  0/0    26:33   3:07   0:47 
Esa Lindell              0  0  0  -3  0   0  0  0  0  0  0/0    25:51   3:00   1:12 
Jeremy Lauzon            0  2  2   3  0   0  3  2  0  0  0/0    20:30   2:08   1:45 
Jordie Benn              0  0  0   0  0   0  0  0  0  0  0/0    14:47   0:00   0:44 
Jujhar Khaira            0  1  1   1  2   0  1  2  0  0  10/19  17:43   0:00   0:00 
Kevin Labanc             0  0  0  -1  0   0  1  0  0  0  0/0    11:25   0:00   0:31 
Lars Eller               0  1  1   0  0   1  2  0  0  0  15/21  21:06   2:59   1:46 
Mike Hoffman             1  0  1   0  0   4  0  0  0  0  0/0    18:37   2:59   0:00 
Nazem Kadri              0  0  0   0  0   0  0  0  0  0  1/1     7:59   0:00   0:00 
Oskar Sundqvist          0  0  0   0  0   1  1  0  0  0  3/12   12:36   3:08   1:29 
Pierre-Edouard Bellemare 0  0  0   0  0   1  0  0  0  0  0/0     7:59   0:00   0:00 
Stefan Noesen            0  0  0  -1  0   3  0  0  0  0  1/1    10:54   0:00   0:00 
T.J. Oshie               2  1  3   1  0   7  0  0  0  0  0/0    19:44   0:00   0:43 

Players Stats for SAN DIEGO THUNDER

Player Name              G  A  P  +/- PIM S  H  SB GA TA FO     MP     PP MP  PK MP  
------------------------------------------------------------------------------------
Adam Boqvist             0  0  0  -2  4   0  1  2  0  0  0/0    21:45   1:46   2:18 
Charles McAvoy           0  1  1   1  0   0  0  1  0  0  0/0     8:51   0:00   0:00 
Connor Murphy            0  0  0   1  2   0  2  1  0  0  0/0    23:58   1:37   3:14 
Derek Forbort            0  0  0  -1  0   1  2  2  0  0  0/0    23:14   1:41   2:49 
Dmitri Voronkov          0  1  1   1  0   4  1  0  0  0  2/5    19:30   2:17   3:09 
Drake Batherson          2  0  2  -1  0   6  1  0  0  0  1/4    22:54   1:51   0:45 
Eetu Luostarinen         0  1  1   0  0   5  1  0  0  0  13/26  21:56   0:35   1:47 
Erik Cernak              0  2  2   3  0   0  7  2  0  0  0/0    27:09   1:42   3:48 
Filip Zadina             0  0  0   1  0   1  1  0  0  0  0/0    16:15   1:41   0:30 
Isac Lundestrom          1  0  1  -1  0   1  0  0  0  0  1/1    16:49   1:41   3:25 
Joel Armia               0  0  0   0  0   1  0  0  0  0  0/1     7:11   0:00   0:12 
Joel Farabee             0  0  0   0  0   2  0  0  0  0  1/4    24:05   2:17   3:18 
Luke Kunin               0  1  1   0  0   1  1  0  0  0  0/0     8:25   0:00   0:00 
Mark Kastelic            0  0  0   0  2   0  0  0  0  0  1/4    10:02   0:26   0:00 
Nicklaus Perbix          0  0  0  -2  0   0  1  1  0  0  0/0    18:09   0:35   2:30 
Radek Faksa              0  0  0  -1  0   0  0  0  0  0  6/12   11:43   0:00   0:00 
Steven Lorentz           0  0  0   0  0   1  0  0  0  0  0/1     6:59   0:00   0:00 
Wyatt Johnston           1  0  1   1  0   6  0  0  0  0  10/20  19:38   1:41   2:30 

3 Stars

1 - Erik Cernak (SDG)
2 - T.J. Oshie (OKA)
3 - Jeremy Lauzon (OKA)

Power Play

OKANAGAN RATTLESNAKES - 0 on 4 Attempt(s) - 0,00%
SAN DIEGO THUNDER - 0 on 2 Attempt(s) - 0,00%

Penalty Kill

OKANAGAN RATTLESNAKES - 2 on 2 Attempt(s) - 100,00% - Score 0 goal in Penalty Kill
SAN DIEGO THUNDER - 4 on 4 Attempt(s) - 100,00% - Score 0 goal in Penalty Kill

Team Stat

OKANAGAN RATTLESNAKES - Hits : 14 - Faceoff Wins : 43 - Blocked Shots : 8 - Penalty Minutes : 4
SAN DIEGO THUNDER - Hits : 18 - Faceoff Wins : 35 - Blocked Shots : 9 - Penalty Minutes : 8

Official

Referees : Mike Sheehan and Brad Meier
Linesman : Jonny Murray and Tony Sericolo

Game Notes

Charles McAvoy is injured at 5:21 of 2nd period (Sprained Left Finger)
Spencer Martin enters game at 3:00 of 3rd period
Luke Kunin is injured at 4:22 of 3rd period (Bruised Right Leg)

Finance

Level 1 -- Attendance: 6270 (100,00%) -- Ticket Income 1 097 250 $
Level 2 -- Attendance: 4840 (90,98%) -- Ticket Income 580 800 $
Level 3 -- Attendance: 2090 (100,00%) -- Ticket Income 209 000 $
Level 4 -- Attendance: 4261 (98,63%) -- Ticket Income 298 270 $
Luxury Box -- Attendance: 1000 (100,00%) -- Ticket Income 300 000 $
Total Attendance: 18461 (97,16%)
Total Ticket Income: 2 485 320 $
Other Expense: 24 853 $
Total Income: 2 460 467 $

OKANAGAN RATTLESNAKES

5 vs 5 Forward 
   Center                   Left Wing                Right Wing               Time % Phy DF OF 
 1 Jujhar Khaira            Anders Lee               T.J. Oshie               36     1   2  2  
 2 Lars Eller               Mike Hoffman             Blake Coleman            31     1   2  2  
 3 Casey Cizikas            Kevin Labanc             Stefan Noesen            23     1   2  2  
 4 Oskar Sundqvist          Pierre-Edouard Bellemare Nazem Kadri              10     1   2  2  

5 vs 5 Defense 
   Defense                  Defense                                           Time % Phy DF OF 
 1 Colton Parayko           Esa Lindell                                       36     1   2  2  
 2 Adam Clendening          Jeremy Lauzon                                     31     1   2  2  
 3 Arber Xhekaj             Jordie Benn                                       23     1   2  2  
 4 Colton Parayko           Esa Lindell                                       10     1   2  2  

PowerPlay Forward 
   Center                   Left Wing                Right Wing               Time % Phy DF OF 
 1 Oskar Sundqvist          Anders Lee               Casey Cizikas            55     1   2  2  
 2 Lars Eller               Mike Hoffman             Blake Coleman            45     1   2  2  

PowerPlay Defense
   Defense                  Defense                                           Time % Phy DF OF 
 1 Arber Xhekaj             Esa Lindell                                       55     1   2  2  
 2 Colton Parayko           Jeremy Lauzon                                     45     1   2  2  

Penalty Kill 4 Players Forward 
   Center                   Wing                     Time % Phy DF OF 
 1 Casey Cizikas            Oskar Sundqvist          55     1   2  2  
 2 Anders Lee               Lars Eller               45     1   2  2  

Penalty Kill 4 Players Defense
   Defense                  Defense                  Time % Phy DF OF 
 1 Esa Lindell              Arber Xhekaj             55     1   2  2  
 2 Colton Parayko           Jeremy Lauzon            45     1   2  2  

Penalty Kill - 3 Players Forward 
   Forward                                           Time % Phy DF OF 
 1 Anders Lee                                        55     1   2  2  
 2 Casey Cizikas                                     45     1   2  2  

Penalty Kill - 3 Players Defense
   Defense                  Defense                  Time % Phy DF OF 
 1 Esa Lindell              Jordie Benn              55     1   2  2  
 2 Arber Xhekaj             Jeremy Lauzon            45     1   2  2  

4 vs 4 Forward 
   Center                   Wing                     Time % Phy DF OF 
 1 T.J. Oshie               Casey Cizikas            55     1   2  2  
 2 Anders Lee               Lars Eller               45     1   2  2  

4 vs 4 Defense
   Defense                  Defense                  Time % Phy DF OF 
 1 Colton Parayko           Arber Xhekaj             55     1   2  2  
 2 Esa Lindell              Jeremy Lauzon            45     1   2  2  

Last Minutes Offensive
   Center                   Left Wing                Right Wing               Defense                  Defense                  
   Jujhar Khaira            Anders Lee               T.J. Oshie               Colton Parayko           Esa Lindell              

Last Minutes Defensive
   Center                   Left Wing                Right Wing               Defense                  Defense                  
   Jujhar Khaira            Anders Lee               T.J. Oshie               Colton Parayko           Esa Lindell              

Goaltenders
Starting : James Reimer             
Backup : Spencer Martin           

Extra Forwards
Normal : Anders Lee, Casey Cizikas, Oskar Sundqvist - PP : Anders Lee, Casey Cizikas - PK : Oskar Sundqvist
Extra Defensemen
Normal : Arber Xhekaj, Jordie Benn, Esa Lindell - PP : Arber Xhekaj - PK : Jordie Benn, Esa Lindell
Penalty Shots
Oskar Sundqvist, Jujhar Khaira, Anders Lee, Lars Eller, Casey Cizikas
Custom OT Lines Forwards
Jujhar Khaira, T.J. Oshie, Anders Lee, Lars Eller, Casey Cizikas, Mike Hoffman, Blake Coleman, Oskar Sundqvist, Kevin Labanc, Pierre-Edouard Bellemare
Custom OT Lines Defensemen
Colton Parayko, Jordie Benn, Esa Lindell, Jeremy Lauzon, Arber Xhekaj

Scratches
Austin Osmanski (Healthy), Colin White (Healthy), Josh Manson (Healthy), Jack Campbell (Bruised Right Arm Injury)

SAN DIEGO THUNDER

5 vs 5 Forward 
   Center                   Left Wing                Right Wing               Time % Phy DF OF 
 1 Eetu Luostarinen         Joel Farabee             Drake Batherson          36     3   1  1  
 2 Wyatt Johnston           Dmitri Voronkov          Filip Zadina             31     3   1  1  
 3 Radek Faksa              Isac Lundestrom          Luke Kunin               23     2   2  1  
 4 Mark Kastelic            Steven Lorentz           Joel Armia               10     3   1  1  

5 vs 5 Defense 
   Defense                  Defense                                           Time % Phy DF OF 
 1 Charles McAvoy           Erik Cernak                                       38     2   2  1  
 2 Connor Murphy            Derek Forbort                                     32     2   2  1  
 3 Adam Boqvist             Nicklaus Perbix                                   20     2   2  1  
 4 Derek Forbort            Erik Cernak                                       10     2   2  1  

PowerPlay Forward 
   Center                   Left Wing                Right Wing               Time % Phy DF OF 
 1 Drake Batherson          Dmitri Voronkov          Joel Farabee             55     0   1  4  
 2 Wyatt Johnston           Isac Lundestrom          Filip Zadina             45     0   1  4  

PowerPlay Defense
   Defense                  Defense                                           Time % Phy DF OF 
 1 Charles McAvoy           Erik Cernak                                       55     1   2  2  
 2 Connor Murphy            Derek Forbort                                     45     1   2  2  

Penalty Kill 4 Players Forward 
   Center                   Wing                     Time % Phy DF OF 
 1 Dmitri Voronkov          Isac Lundestrom          55     1   2  2  
 2 Joel Farabee             Wyatt Johnston           45     1   2  2  

Penalty Kill 4 Players Defense
   Defense                  Defense                  Time % Phy DF OF 
 1 Charles McAvoy           Erik Cernak              55     1   2  2  
 2 Connor Murphy            Derek Forbort            45     1   2  2  

Penalty Kill - 3 Players Forward 
   Forward                                           Time % Phy DF OF 
 1 Eetu Luostarinen                                  55     1   2  2  
 2 Joel Farabee                                      45     1   2  2  

Penalty Kill - 3 Players Defense
   Defense                  Defense                  Time % Phy DF OF 
 1 Charles McAvoy           Erik Cernak              55     1   2  2  
 2 Connor Murphy            Derek Forbort            45     1   2  2  

4 vs 4 Forward 
   Center                   Wing                     Time % Phy DF OF 
 1 Drake Batherson          Isac Lundestrom          55     1   2  2  
 2 Joel Farabee             Wyatt Johnston           45     1   2  2  

4 vs 4 Defense
   Defense                  Defense                  Time % Phy DF OF 
 1 Charles McAvoy           Erik Cernak              55     1   2  2  
 2 Connor Murphy            Derek Forbort            45     1   2  2  

Last Minutes Offensive
   Center                   Left Wing                Right Wing               Defense                  Defense                  
   Drake Batherson          Dmitri Voronkov          Joel Farabee             Charles McAvoy           Erik Cernak              

Last Minutes Defensive
   Center                   Left Wing                Right Wing               Defense                  Defense                  
   Drake Batherson          Dmitri Voronkov          Joel Farabee             Charles McAvoy           Erik Cernak              

Goaltenders
Starting : Connor Hellebuyck        
Backup : Akira Schmid             

Extra Forwards
Normal : Mark Kastelic, Drake Batherson, Eetu Luostarinen - PP : Mark Kastelic, Joel Farabee - PK : Eetu Luostarinen
Extra Defensemen
Normal : Adam Boqvist, Charles McAvoy, Connor Murphy - PP : Adam Boqvist - PK : Charles McAvoy, Connor Murphy
Penalty Shots
Drake Batherson, Eetu Luostarinen, Joel Farabee, Wyatt Johnston, Isac Lundestrom
Custom OT Lines Forwards
Drake Batherson, Eetu Luostarinen, Joel Farabee, Wyatt Johnston, Isac Lundestrom, Radek Faksa, Dmitri Voronkov, Filip Zadina, Joel Armia, Mark Kastelic
Custom OT Lines Defensemen
Charles McAvoy, Erik Cernak, Connor Murphy, Derek Forbort, Adam Boqvist

Scratches
None


% Time on Ice - OKANAGAN RATTLESNAKES

Lines # - Real PCT - Wanted PCT - Time Play
Normal Forward
1 - 32% - 36% - 16:02
2 - 30% - 31% - 14:43
3 - 22% - 23% - 10:54
4 - 16% - 10% - 7:59
Normal Defense
1 - 34% - 36% - 17:03
2 - 33% - 31% - 16:29
3 - 26% - 23% - 12:57
4 - 6% - 10% - 3:09
PP Forward
1 - 53% - 55% - 3:25
2 - 47% - 45% - 2:59
PP Defense
1 - 51% - 55% - 3:17
2 - 49% - 45% - 3:07
PK Forward
1 - 55% - 55% - 2:12
2 - 45% - 45% - 1:46
PK Defense
1 - 30% - 55% - 1:12
2 - 70% - 45% - 2:46
PK3 Forward
1 - 0% - 55%
2 - 0% - 45%
PK3 Defense
1 - 0% - 55%
2 - 0% - 45%
44 Forward
1 - 57% - 55% - 0:53
2 - 43% - 45% - 0:40
44 Defense
1 - 57% - 55% - 0:53
2 - 43% - 45% - 0:40
Last Minute Offensive  - 0:00
Last Minute Defensive  - 0:00
Total
Forward - 61:33
Defense - 61:33

% Time on Ice - SAN DIEGO THUNDER

Lines # - Real PCT - Wanted PCT - Time Play
Normal Forward
1 - 35% - 36% - 17:15
2 - 28% - 31% - 14:04
3 - 23% - 23% - 11:20
4 - 14% - 10% - 6:59
Normal Defense
1 - 41% - 38% - 20:09
2 - 26% - 32% - 12:57
3 - 26% - 20% - 12:45
4 - 8% - 10% - 3:47
PP Forward
1 - 58% - 55% - 2:17
2 - 42% - 45% - 1:41
PP Defense
1 - 82% - 55% - 3:15
2 - 18% - 45% - 0:43
PK Forward
1 - 61% - 55% - 3:54
2 - 39% - 45% - 2:30
PK Defense
1 - 83% - 55% - 5:18
2 - 17% - 45% - 1:06
PK3 Forward
1 - 48% - 55% - 0:45
2 - 52% - 45% - 0:48
PK3 Defense
1 - 100% - 55% - 1:33
2 - 0% - 45% - 0:00
44 Forward
1 - 0% - 55%
2 - 0% - 45%
44 Defense
1 - 0% - 55%
2 - 0% - 45%
Last Minute Offensive  - 0:00
Last Minute Defensive  - 0:00
Total
Forward - 61:33
Defense - 61:33

Play-by-Play

1st period


0:01 of 1st period - Jujhar Khaira wins face-off versus Eetu Luostarinen in neutral zone.
0:03 of 1st period - Colton Parayko is hit by Erik Cernak and loses puck.
0:12 of 1st period - Shot by Anders Lee.
0:12 of 1st period - Shot Misses the Net.
0:14 of 1st period - Shot by Anders Lee.
0:14 of 1st period - Stopped by Connor Hellebuyck without a rebound.
0:15 of 1st period - Wyatt Johnston wins face-off versus Lars Eller in SAN DIEGO THUNDER zone.
0:31 of 1st period - Shot by Wyatt Johnston.
0:31 of 1st period - Deflect By Dmitri Voronkov.
0:31 of 1st period - Stopped by James Reimer without a rebound.
0:32 of 1st period - Radek Faksa wins face-off versus Casey Cizikas in OKANAGAN RATTLESNAKES zone.
0:34 of 1st period - Isac Lundestrom is hit by Arber Xhekaj and loses puck.
0:56 of 1st period - Radek Faksa is hit by Arber Xhekaj and loses puck.
1:07 of 1st period - Shot by Kevin Labanc.
1:07 of 1st period - Shot Misses the Net.
1:09 of 1st period - Shot by Stefan Noesen.
1:09 of 1st period - Shot Misses the Net.
1:28 of 1st period - Icing by Adam Boqvist.
1:29 of 1st period - Lars Eller wins face-off versus Radek Faksa in SAN DIEGO THUNDER zone.
1:29 of 1st period - Blake Coleman is hit by Adam Boqvist and loses puck.
2:06 of 1st period - Blake Coleman is hit by Eetu Luostarinen and loses puck.
2:15 of 1st period - Shot by Drake Batherson.
2:15 of 1st period - Stopped by James Reimer without a rebound.
2:16 of 1st period - Wyatt Johnston wins face-off versus Jujhar Khaira in OKANAGAN RATTLESNAKES zone.
2:19 of 1st period - Shot by Wyatt Johnston.
2:19 of 1st period - Goal by Wyatt Johnston - OKANAGAN RATTLESNAKES : 0 - SAN DIEGO THUNDER : 1.
2:20 of 1st period - Jujhar Khaira wins face-off versus Wyatt Johnston in neutral zone.
2:50 of 1st period - Shot by Dmitri Voronkov.
2:50 of 1st period - Stopped by James Reimer without a rebound.
2:51 of 1st period - Eetu Luostarinen wins face-off versus Oskar Sundqvist in OKANAGAN RATTLESNAKES zone.
2:56 of 1st period - Shot by Eetu Luostarinen.
2:56 of 1st period - Stopped by James Reimer without a rebound.
2:57 of 1st period - Oskar Sundqvist wins face-off versus Eetu Luostarinen in OKANAGAN RATTLESNAKES zone.
3:30 of 1st period - Shot by Oskar Sundqvist.
3:30 of 1st period - Stopped by Connor Hellebuyck without a rebound.
3:31 of 1st period - Jujhar Khaira wins face-off versus Steven Lorentz in SAN DIEGO THUNDER zone.
3:36 of 1st period - Shot by Anders Lee.
3:36 of 1st period - Shot Blocked by Charles McAvoy.
3:55 of 1st period - T.J. Oshie is hit by Erik Cernak.
4:57 of 1st period - Shot by Kevin Labanc.
4:57 of 1st period - Shot Misses the Net.
5:09 of 1st period - Kevin Labanc is hit by Dmitri Voronkov and loses puck.
5:32 of 1st period - Shot by Mike Hoffman.
5:32 of 1st period - Shot Misses the Net.
5:34 of 1st period - Shot by Arber Xhekaj.
5:34 of 1st period - Stopped by Connor Hellebuyck without a rebound.
5:35 of 1st period - Radek Faksa wins face-off versus Oskar Sundqvist in SAN DIEGO THUNDER zone.
5:39 of 1st period - Off-side.
5:40 of 1st period - Lars Eller wins face-off versus Eetu Luostarinen in neutral zone.
6:36 of 1st period - Shot by T.J. Oshie.
6:36 of 1st period - Shot Misses the Net.
6:51 of 1st period - Icing by Anders Lee.
6:52 of 1st period - Wyatt Johnston wins face-off versus Jujhar Khaira in OKANAGAN RATTLESNAKES zone.
6:53 of 1st period - Shot by Dmitri Voronkov.
6:53 of 1st period - Shot Misses the Net.
7:05 of 1st period - Shot by Adam Boqvist.
7:05 of 1st period - Shot Blocked by Jujhar Khaira.
7:22 of 1st period - Icing by Jordie Benn.
7:23 of 1st period - Radek Faksa wins face-off versus Jujhar Khaira in OKANAGAN RATTLESNAKES zone.
7:42 of 1st period - Jujhar Khaira is hit by Luke Kunin and loses puck.
8:20 of 1st period - Joel Armia is hit by Arber Xhekaj and loses puck.
8:26 of 1st period - Steven Lorentz is hit by Arber Xhekaj and loses puck.
9:30 of 1st period - Icing by Drake Batherson.
9:31 of 1st period - Casey Cizikas wins face-off versus Eetu Luostarinen in SAN DIEGO THUNDER zone.
9:32 of 1st period - Shot by Stefan Noesen.
9:32 of 1st period - Stopped by Connor Hellebuyck with a rebound.
10:18 of 1st period - Shot by Wyatt Johnston.
10:18 of 1st period - Shot Blocked by Casey Cizikas.
11:30 of 1st period - Shot by T.J. Oshie.
11:30 of 1st period - Stopped by Connor Hellebuyck with a rebound.
11:42 of 1st period - Shot by Steven Lorentz.
11:42 of 1st period - Stopped by James Reimer without a rebound.
11:43 of 1st period - Eetu Luostarinen wins face-off versus Casey Cizikas in OKANAGAN RATTLESNAKES zone.
11:46 of 1st period - Shot by Drake Batherson.
11:46 of 1st period - Goal by Drake Batherson - OKANAGAN RATTLESNAKES : 0 - SAN DIEGO THUNDER : 2.
11:47 of 1st period - Eetu Luostarinen wins face-off versus Oskar Sundqvist in neutral zone.
13:25 of 1st period - Shot by Wyatt Johnston.
13:25 of 1st period - Shot Misses the Net.
14:15 of 1st period - Shot by T.J. Oshie.
14:15 of 1st period - Goal by T.J. Oshie - OKANAGAN RATTLESNAKES : 1 - SAN DIEGO THUNDER : 2.
14:16 of 1st period - Lars Eller wins face-off versus Mark Kastelic in neutral zone.
14:19 of 1st period - Shot by Blake Coleman.
14:19 of 1st period - Stopped by Connor Hellebuyck without a rebound.
14:20 of 1st period - Lars Eller wins face-off versus Eetu Luostarinen in SAN DIEGO THUNDER zone.
14:29 of 1st period - Drake Batherson is hit by Lars Eller.
15:50 of 1st period - Shot by Luke Kunin.
15:50 of 1st period - Stopped by James Reimer without a rebound.
15:51 of 1st period - Wyatt Johnston wins face-off versus Casey Cizikas in OKANAGAN RATTLESNAKES zone.
16:14 of 1st period - Shot by Kevin Labanc.
16:14 of 1st period - Shot Hit the Post.
16:16 of 1st period - Shot by Casey Cizikas.
16:16 of 1st period - Stopped by Connor Hellebuyck with a rebound.
17:19 of 1st period - Icing by T.J. Oshie.
17:20 of 1st period - Eetu Luostarinen wins face-off versus Jujhar Khaira in OKANAGAN RATTLESNAKES zone.
17:27 of 1st period - Shot by T.J. Oshie.
17:27 of 1st period - Shot Misses the Net.
17:29 of 1st period - Shot by Anders Lee.
17:29 of 1st period - Stopped by Connor Hellebuyck without a rebound.
17:30 of 1st period - Stefan Noesen wins face-off versus Drake Batherson in SAN DIEGO THUNDER zone.
17:30 of 1st period - Colton Parayko is hit by Erik Cernak and loses puck.
17:44 of 1st period - Icing by Colton Parayko.
17:45 of 1st period - Casey Cizikas wins face-off versus Wyatt Johnston in OKANAGAN RATTLESNAKES zone.
17:55 of 1st period - Icing by Adam Boqvist.
17:56 of 1st period - Jujhar Khaira wins face-off versus Wyatt Johnston in SAN DIEGO THUNDER zone.
18:29 of 1st period - Shot by T.J. Oshie.
18:29 of 1st period - Stopped by Connor Hellebuyck without a rebound.
18:30 of 1st period - Lars Eller wins face-off versus Eetu Luostarinen in SAN DIEGO THUNDER zone.
18:33 of 1st period - Shot by Blake Coleman.
18:33 of 1st period - Shot Misses the Net.
18:35 of 1st period - Shot by Lars Eller.
18:35 of 1st period - Stopped by Connor Hellebuyck without a rebound.
18:36 of 1st period - Lars Eller wins face-off versus Eetu Luostarinen in SAN DIEGO THUNDER zone.
18:44 of 1st period - Drake Batherson is hit by Jeremy Lauzon and loses puck.
18:51 of 1st period - Shot by Eetu Luostarinen.
18:51 of 1st period - Stopped by James Reimer with a rebound.
19:09 of 1st period - Shot by Joel Farabee.
19:09 of 1st period - Stopped by James Reimer without a rebound.
19:10 of 1st period - Jujhar Khaira wins face-off versus Wyatt Johnston in OKANAGAN RATTLESNAKES zone.
Goals for this period are 1 for OKANAGAN RATTLESNAKES vs 2 for SAN DIEGO THUNDER.
Shots for this period are 11 for OKANAGAN RATTLESNAKES vs 10 for SAN DIEGO THUNDER.

2nd period


0:01 of 2nd period - Isac Lundestrom wins face-off versus Casey Cizikas in neutral zone.
2:06 of 2nd period - Shot by Anders Lee.
2:06 of 2nd period - Stopped by Connor Hellebuyck without a rebound.
2:07 of 2nd period - Oskar Sundqvist wins face-off versus Eetu Luostarinen in SAN DIEGO THUNDER zone.
2:13 of 2nd period - Icing by Eetu Luostarinen.
2:14 of 2nd period - Eetu Luostarinen wins face-off versus Casey Cizikas in SAN DIEGO THUNDER zone.
2:33 of 2nd period - Shot by Casey Cizikas.
2:33 of 2nd period - Shot Misses the Net.
2:35 of 2nd period - Shot by Colton Parayko.
2:35 of 2nd period - Stopped by Connor Hellebuyck with a rebound.
3:02 of 2nd period - Icing by Joel Farabee.
3:03 of 2nd period - Jujhar Khaira wins face-off versus Eetu Luostarinen in SAN DIEGO THUNDER zone.
3:28 of 2nd period - Shot by Anders Lee.
3:28 of 2nd period - Shot Misses the Net.
3:34 of 2nd period - Shot by T.J. Oshie.
3:34 of 2nd period - Shot Misses the Net.
3:36 of 2nd period - Shot by T.J. Oshie.
3:36 of 2nd period - Goal by T.J. Oshie - OKANAGAN RATTLESNAKES : 2 - SAN DIEGO THUNDER : 2.
3:37 of 2nd period - Lars Eller wins face-off versus Wyatt Johnston in neutral zone.
3:42 of 2nd period - Shot by Blake Coleman.
3:42 of 2nd period - Stopped by Connor Hellebuyck with a rebound.
3:56 of 2nd period - Shot by Wyatt Johnston.
3:56 of 2nd period - Stopped by James Reimer without a rebound.
3:57 of 2nd period - Casey Cizikas wins face-off versus Mark Kastelic in OKANAGAN RATTLESNAKES zone.
4:02 of 2nd period - Shot by Stefan Noesen.
4:02 of 2nd period - Stopped by Connor Hellebuyck with a rebound.
4:05 of 2nd period - Icing by Adam Boqvist.
4:06 of 2nd period - Mark Kastelic wins face-off versus Lars Eller in SAN DIEGO THUNDER zone.
4:44 of 2nd period - Steven Lorentz is hit by Lars Eller and loses puck.
5:20 of 2nd period - Charles McAvoy is hit by Jujhar Khaira and loses puck.
5:21 of 2nd period - Charles McAvoy from SAN DIEGO THUNDER is injured at 5:21 of 2nd period (Sprained Left Finger).
5:22 of 2nd period - Eetu Luostarinen wins face-off versus Jujhar Khaira in neutral zone.
5:27 of 2nd period - Shot by Drake Batherson.
5:27 of 2nd period - Deflect By Joel Farabee.
5:27 of 2nd period - Shot Blocked by Jujhar Khaira.
5:29 of 2nd period - Shot by Eetu Luostarinen.
5:29 of 2nd period - Shot Misses the Net.
5:31 of 2nd period - Shot by Connor Murphy.
5:31 of 2nd period - Shot Misses the Net.
6:16 of 2nd period - Minor Penalty to Connor Murphy for Interference.
6:17 of 2nd period - Dmitri Voronkov wins face-off versus Oskar Sundqvist in SAN DIEGO THUNDER zone.
6:34 of 2nd period - Shot by Anders Lee.
6:34 of 2nd period - Stopped by Connor Hellebuyck without a rebound.
6:35 of 2nd period - Lars Eller wins face-off versus Dmitri Voronkov in SAN DIEGO THUNDER zone.
7:41 of 2nd period - Shot by Casey Cizikas.
7:41 of 2nd period - Stopped by Connor Hellebuyck without a rebound.
7:42 of 2nd period - Joel Farabee wins face-off versus Oskar Sundqvist in SAN DIEGO THUNDER zone.
8:01 of 2nd period - Shot by Anders Lee.
8:01 of 2nd period - Shot Blocked by Derek Forbort.
8:21 of 2nd period - Shot by Steven Lorentz.
8:21 of 2nd period - Shot Blocked by Jeremy Lauzon.
11:06 of 2nd period - Shot by Dmitri Voronkov.
11:06 of 2nd period - Shot Blocked by Colton Parayko.
12:36 of 2nd period - Shot by Dmitri Voronkov.
12:36 of 2nd period - Stopped by James Reimer without a rebound.
12:37 of 2nd period - Eetu Luostarinen wins face-off versus Jujhar Khaira in OKANAGAN RATTLESNAKES zone.
12:42 of 2nd period - Shot by Eetu Luostarinen.
12:42 of 2nd period - Shot Misses the Net.
13:04 of 2nd period - Shot by Anders Lee.
13:04 of 2nd period - Shot Misses the Net.
13:06 of 2nd period - Shot by Jeremy Lauzon.
13:06 of 2nd period - Shot Blocked by Erik Cernak.
13:37 of 2nd period - Shot by Lars Eller.
13:37 of 2nd period - Shot Misses the Net.
13:39 of 2nd period - Shot by Blake Coleman.
13:39 of 2nd period - Stopped by Connor Hellebuyck without a rebound.
13:40 of 2nd period - Wyatt Johnston wins face-off versus Casey Cizikas in SAN DIEGO THUNDER zone.
13:40 of 2nd period - Wyatt Johnston is hit by Casey Cizikas.
13:51 of 2nd period - Minor Penalty to Arber Xhekaj for Hooking.
13:52 of 2nd period - Wyatt Johnston wins face-off versus Anders Lee in OKANAGAN RATTLESNAKES zone.
16:11 of 2nd period - Casey Cizikas is hit by Derek Forbort.
16:40 of 2nd period - Minor Penalty to Mark Kastelic for Slashing.
16:41 of 2nd period - Lars Eller wins face-off versus Joel Farabee in SAN DIEGO THUNDER zone.
16:42 of 2nd period - Shot by Mike Hoffman.
16:42 of 2nd period - Stopped by Connor Hellebuyck without a rebound.
16:43 of 2nd period - Lars Eller wins face-off versus Joel Farabee in SAN DIEGO THUNDER zone.
16:46 of 2nd period - Shot by Blake Coleman.
16:46 of 2nd period - Stopped by Connor Hellebuyck without a rebound.
16:47 of 2nd period - Lars Eller wins face-off versus Joel Farabee in SAN DIEGO THUNDER zone.
17:41 of 2nd period - Dmitri Voronkov is hit by Oskar Sundqvist and loses puck.
18:22 of 2nd period - Shot by Blake Coleman.
18:22 of 2nd period - Stopped by Connor Hellebuyck without a rebound.
18:23 of 2nd period - Blake Coleman wins face-off versus Dmitri Voronkov in SAN DIEGO THUNDER zone.
19:06 of 2nd period - Minor Penalty to Jujhar Khaira for Interference.
19:07 of 2nd period - Casey Cizikas wins face-off versus Wyatt Johnston in OKANAGAN RATTLESNAKES zone.
19:07 of 2nd period - Casey Cizikas is hit by Filip Zadina.
19:31 of 2nd period - Shot by Wyatt Johnston.
19:31 of 2nd period - Stopped by James Reimer without a rebound.
19:32 of 2nd period - Anders Lee wins face-off versus Drake Batherson in OKANAGAN RATTLESNAKES zone.
Goals for this period are 1 for OKANAGAN RATTLESNAKES vs 0 for SAN DIEGO THUNDER.
Shots for this period are 11 for OKANAGAN RATTLESNAKES vs 3 for SAN DIEGO THUNDER.

3rd period


0:01 of 3rd period - Drake Batherson wins face-off versus Casey Cizikas in neutral zone.
0:21 of 3rd period - Shot by Adam Boqvist.
0:21 of 3rd period - Shot Misses the Net.
1:15 of 3rd period - Shot by Joel Armia.
1:15 of 3rd period - Stopped by James Reimer without a rebound.
1:16 of 3rd period - Radek Faksa wins face-off versus Lars Eller in OKANAGAN RATTLESNAKES zone.
1:16 of 3rd period - Isac Lundestrom is hit by Jeremy Lauzon and loses puck.
1:23 of 3rd period - Shot by Isac Lundestrom.
1:23 of 3rd period - Shot Misses the Net.
1:25 of 3rd period - Shot by Isac Lundestrom.
1:25 of 3rd period - Shot Misses the Net.
1:27 of 3rd period - Shot by Luke Kunin.
1:27 of 3rd period - Shot Misses the Net.
1:29 of 3rd period - Shot by Isac Lundestrom.
1:29 of 3rd period - Goal by Isac Lundestrom - OKANAGAN RATTLESNAKES : 2 - SAN DIEGO THUNDER : 3.
1:30 of 3rd period - Jujhar Khaira wins face-off versus Mark Kastelic in neutral zone.
1:38 of 3rd period - Icing by Adam Boqvist.
1:39 of 3rd period - Lars Eller wins face-off versus Joel Armia in SAN DIEGO THUNDER zone.
1:50 of 3rd period - Shot by Lars Eller.
1:50 of 3rd period - Deflect By Mike Hoffman.
1:50 of 3rd period - Shot Blocked by Nicklaus Perbix.
2:24 of 3rd period - Shot by Wyatt Johnston.
2:24 of 3rd period - Shot Hit the Post.
2:48 of 3rd period - Shot by Wyatt Johnston.
2:48 of 3rd period - Stopped by James Reimer with a rebound.
2:50 of 3rd period - Shot by Connor Murphy.
2:50 of 3rd period - Shot Misses the Net.
2:52 of 3rd period - Shot by Filip Zadina.
2:52 of 3rd period - Stopped by James Reimer without a rebound.
2:53 of 3rd period - Jujhar Khaira wins face-off versus Eetu Luostarinen in OKANAGAN RATTLESNAKES zone.
3:00 of 3rd period - Shot by Drake Batherson.
3:00 of 3rd period - Goal by Drake Batherson - OKANAGAN RATTLESNAKES : 2 - SAN DIEGO THUNDER : 4.
3:00 of 3rd period - Spencer Martin enters game.
3:01 of 3rd period - Eetu Luostarinen wins face-off versus Jujhar Khaira in neutral zone.
4:10 of 3rd period - Shot by Dmitri Voronkov.
4:10 of 3rd period - Stopped by Spencer Martin with a rebound.
4:20 of 3rd period - Shot by Wyatt Johnston.
4:20 of 3rd period - Stopped by Spencer Martin without a rebound.
4:21 of 3rd period - Radek Faksa wins face-off versus Oskar Sundqvist in OKANAGAN RATTLESNAKES zone.
4:21 of 3rd period - Luke Kunin is hit by Jeremy Lauzon.
4:22 of 3rd period - Luke Kunin from SAN DIEGO THUNDER is injured at 4:22 of 3rd period (Bruised Right Leg).
4:23 of 3rd period - Lars Eller wins face-off versus Radek Faksa in OKANAGAN RATTLESNAKES zone.
4:36 of 3rd period - Shot by Lars Eller.
4:36 of 3rd period - Shot Blocked by Connor Murphy.
4:38 of 3rd period - Shot by Mike Hoffman.
4:38 of 3rd period - Stopped by Connor Hellebuyck without a rebound.
4:39 of 3rd period - Eetu Luostarinen wins face-off versus Casey Cizikas in SAN DIEGO THUNDER zone.
4:39 of 3rd period - Eetu Luostarinen is hit by Casey Cizikas.
4:47 of 3rd period - Icing by Arber Xhekaj.
4:48 of 3rd period - Casey Cizikas wins face-off versus Dmitri Voronkov in OKANAGAN RATTLESNAKES zone.
5:40 of 3rd period - Stefan Noesen is hit by Nicklaus Perbix and loses puck.
6:12 of 3rd period - Icing by Arber Xhekaj.
6:13 of 3rd period - Casey Cizikas wins face-off versus Radek Faksa in OKANAGAN RATTLESNAKES zone.
6:21 of 3rd period - Connor Murphy is hit by Kevin Labanc and loses puck.
6:37 of 3rd period - Shot by T.J. Oshie.
6:37 of 3rd period - Shot Misses the Net.
6:39 of 3rd period - Shot by Esa Lindell.
6:39 of 3rd period - Shot Misses the Net.
6:41 of 3rd period - Shot by T.J. Oshie.
6:41 of 3rd period - Stopped by Connor Hellebuyck without a rebound.
6:42 of 3rd period - Lars Eller wins face-off versus Wyatt Johnston in SAN DIEGO THUNDER zone.
6:50 of 3rd period - Blake Coleman is hit by Erik Cernak and loses puck.
6:58 of 3rd period - Icing by Dmitri Voronkov.
6:59 of 3rd period - Jujhar Khaira wins face-off versus Wyatt Johnston in SAN DIEGO THUNDER zone.
7:00 of 3rd period - Shot by T.J. Oshie.
7:00 of 3rd period - Shot Misses the Net.
7:08 of 3rd period - Shot by T.J. Oshie.
7:08 of 3rd period - Stopped by Connor Hellebuyck without a rebound.
7:09 of 3rd period - Lars Eller wins face-off versus Drake Batherson in SAN DIEGO THUNDER zone.
7:42 of 3rd period - Lars Eller is hit by Connor Murphy and loses puck.
8:26 of 3rd period - Shot by Jujhar Khaira.
8:26 of 3rd period - Shot Misses the Net.
8:34 of 3rd period - Shot by T.J. Oshie.
8:34 of 3rd period - Stopped by Connor Hellebuyck with a rebound.
8:36 of 3rd period - Shot by Jujhar Khaira.
8:36 of 3rd period - Shot Misses the Net.
8:58 of 3rd period - Shot by Connor Murphy.
8:58 of 3rd period - Shot Misses the Net.
9:43 of 3rd period - Shot by Drake Batherson.
9:43 of 3rd period - Shot Misses the Net.
9:45 of 3rd period - Shot by Eetu Luostarinen.
9:45 of 3rd period - Stopped by Spencer Martin with a rebound.
10:02 of 3rd period - Off-side.
10:03 of 3rd period - Radek Faksa wins face-off versus Lars Eller in neutral zone.
10:08 of 3rd period - Shot by Drake Batherson.
10:08 of 3rd period - Stopped by Spencer Martin with a rebound.
10:19 of 3rd period - Shot by Blake Coleman.
10:19 of 3rd period - Deflect By Mike Hoffman.
10:19 of 3rd period - Goal by Mike Hoffman - OKANAGAN RATTLESNAKES : 3 - SAN DIEGO THUNDER : 4.
10:20 of 3rd period - Casey Cizikas wins face-off versus Wyatt Johnston in neutral zone.
10:25 of 3rd period - Shot by Casey Cizikas.
10:25 of 3rd period - Stopped by Connor Hellebuyck without a rebound.
10:26 of 3rd period - Wyatt Johnston wins face-off versus Lars Eller in SAN DIEGO THUNDER zone.
11:02 of 3rd period - Blake Coleman is hit by Erik Cernak and loses puck.
11:08 of 3rd period - Mike Hoffman is hit by Erik Cernak and loses puck.
11:37 of 3rd period - Shot by Drake Batherson.
11:37 of 3rd period - Shot Blocked by Jeremy Lauzon.
11:59 of 3rd period - Shot by Drake Batherson.
11:59 of 3rd period - Stopped by Spencer Martin without a rebound.
12:00 of 3rd period - Casey Cizikas wins face-off versus Radek Faksa in OKANAGAN RATTLESNAKES zone.
12:05 of 3rd period - Shot by Stefan Noesen.
12:05 of 3rd period - Stopped by Connor Hellebuyck without a rebound.
12:06 of 3rd period - Casey Cizikas wins face-off versus Radek Faksa in SAN DIEGO THUNDER zone.
12:38 of 3rd period - Shot by Derek Forbort.
12:38 of 3rd period - Stopped by Spencer Martin without a rebound.
12:39 of 3rd period - Eetu Luostarinen wins face-off versus Jujhar Khaira in OKANAGAN RATTLESNAKES zone.
12:48 of 3rd period - Shot by Eetu Luostarinen.
12:48 of 3rd period - Shot Misses the Net.
12:50 of 3rd period - Shot by Joel Farabee.
12:50 of 3rd period - Stopped by Spencer Martin without a rebound.
12:51 of 3rd period - Wyatt Johnston wins face-off versus Oskar Sundqvist in OKANAGAN RATTLESNAKES zone.
12:52 of 3rd period - Shot by Dmitri Voronkov.
12:52 of 3rd period - Shot Blocked by Colton Parayko.
12:55 of 3rd period - Icing by Colton Parayko.
12:56 of 3rd period - Oskar Sundqvist wins face-off versus Eetu Luostarinen in OKANAGAN RATTLESNAKES zone.
12:56 of 3rd period - Oskar Sundqvist is hit by Drake Batherson.
13:07 of 3rd period - Icing by Nazem Kadri.
13:08 of 3rd period - Wyatt Johnston wins face-off versus Oskar Sundqvist in OKANAGAN RATTLESNAKES zone.
13:11 of 3rd period - Shot by Dmitri Voronkov.
13:11 of 3rd period - Shot Misses the Net.
13:13 of 3rd period - Shot by Derek Forbort.
13:13 of 3rd period - Shot Misses the Net.
13:18 of 3rd period - Icing by Colton Parayko.
13:19 of 3rd period - Nazem Kadri wins face-off versus Eetu Luostarinen in OKANAGAN RATTLESNAKES zone.
13:28 of 3rd period - Shot by Colton Parayko.
13:28 of 3rd period - Shot Misses the Net.
13:30 of 3rd period - Shot by Pierre-Edouard Bellemare.
13:30 of 3rd period - Shot Misses the Net.
13:34 of 3rd period - Shot by Colton Parayko.
13:34 of 3rd period - Stopped by Connor Hellebuyck with a rebound.
13:36 of 3rd period - Shot by Pierre-Edouard Bellemare.
13:36 of 3rd period - Stopped by Connor Hellebuyck with a rebound.
14:31 of 3rd period - Shot by Anders Lee.
14:31 of 3rd period - Shot Blocked by Adam Boqvist.
14:41 of 3rd period - Shot by T.J. Oshie.
14:41 of 3rd period - Shot Misses the Net.
14:43 of 3rd period - Shot by Anders Lee.
14:43 of 3rd period - Goal by Anders Lee - OKANAGAN RATTLESNAKES : 4 - SAN DIEGO THUNDER : 4.
14:44 of 3rd period - Wyatt Johnston wins face-off versus Blake Coleman in neutral zone.
15:04 of 3rd period - Shot by Wyatt Johnston.
15:04 of 3rd period - Stopped by Spencer Martin without a rebound.
15:05 of 3rd period - Casey Cizikas wins face-off versus Radek Faksa in OKANAGAN RATTLESNAKES zone.
15:11 of 3rd period - Kevin Labanc is hit by Connor Murphy and loses puck.
15:44 of 3rd period - Icing by Casey Cizikas.
15:45 of 3rd period - Casey Cizikas wins face-off versus Wyatt Johnston in OKANAGAN RATTLESNAKES zone.
15:55 of 3rd period - Casey Cizikas is hit by Erik Cernak and loses puck.
16:51 of 3rd period - Off-side.
16:52 of 3rd period - Eetu Luostarinen wins face-off versus Lars Eller in neutral zone.
17:10 of 3rd period - Shot by Blake Coleman.
17:10 of 3rd period - Deflect By Mike Hoffman.
17:10 of 3rd period - Shot Blocked by Adam Boqvist.
17:33 of 3rd period - Double Minor Penalty to Adam Boqvist for Roughing.
17:34 of 3rd period - Dmitri Voronkov wins face-off versus Oskar Sundqvist in SAN DIEGO THUNDER zone.
17:58 of 3rd period - Casey Cizikas is hit by Derek Forbort and loses puck.
18:33 of 3rd period - Shot by Mike Hoffman.
18:33 of 3rd period - Shot Misses the Net.
18:35 of 3rd period - Shot by Blake Coleman.
18:35 of 3rd period - Shot Misses the Net.
18:37 of 3rd period - Shot by Blake Coleman.
18:37 of 3rd period - Shot Misses the Net.
18:39 of 3rd period - Shot by Blake Coleman.
18:39 of 3rd period - Shot Misses the Net.
19:19 of 3rd period - Shot by Anders Lee.
19:19 of 3rd period - Shot Misses the Net.
19:21 of 3rd period - Shot by Casey Cizikas.
19:21 of 3rd period - Shot Blocked by Derek Forbort.
Goals for this period are 2 for OKANAGAN RATTLESNAKES vs 2 for SAN DIEGO THUNDER.
Shots for this period are 10 for OKANAGAN RATTLESNAKES vs 13 for SAN DIEGO THUNDER.

Overtime #1


0:01 of 1st overtime period - Eetu Luostarinen wins face-off versus Casey Cizikas in neutral zone.
0:18 of 1st overtime period - Shot by Eetu Luostarinen.
0:18 of 1st overtime period - Shot Blocked by Colton Parayko.
0:20 of 1st overtime period - Shot by Eetu Luostarinen.
0:20 of 1st overtime period - Shot Misses the Net.
0:22 of 1st overtime period - Shot by Eetu Luostarinen.
0:22 of 1st overtime period - Stopped by Spencer Martin with a rebound.
0:36 of 1st overtime period - Shot by Eetu Luostarinen.
0:36 of 1st overtime period - Stopped by Spencer Martin with a rebound.
1:40 of 1st overtime period - Shot by Mike Hoffman.
1:40 of 1st overtime period - Stopped by Connor Hellebuyck without a rebound.
1:41 of 1st overtime period - Eetu Luostarinen wins face-off versus Jujhar Khaira in SAN DIEGO THUNDER zone.
1:52 of 1st overtime period - Shot by Eetu Luostarinen.
1:52 of 1st overtime period - Deflect By Drake Batherson.
1:52 of 1st overtime period - Stopped by Spencer Martin without a rebound.
1:53 of 1st overtime period - Jujhar Khaira wins face-off versus Eetu Luostarinen in OKANAGAN RATTLESNAKES zone.
2:22 of 1st overtime period - Shot by Jujhar Khaira.
2:22 of 1st overtime period - Shot Misses the Net.
2:24 of 1st overtime period - Shot by Colton Parayko.
2:24 of 1st overtime period - Shot Blocked by Erik Cernak.
2:51 of 1st overtime period - Shot by Anders Lee.
2:51 of 1st overtime period - Stopped by Connor Hellebuyck with a rebound.
Goals for this period are 0 for OKANAGAN RATTLESNAKES vs 0 for SAN DIEGO THUNDER.
Shots for this period are 2 for OKANAGAN RATTLESNAKES vs 3 for SAN DIEGO THUNDER.

ShootOut


5:00 of 1st overtime period - Round #1.
5:00 of 1st overtime period - OKANAGAN RATTLESNAKES, Oskar Sundqvist.
5:00 of 1st overtime period - Stopped by Connor Hellebuyck.
5:00 of 1st overtime period - SAN DIEGO THUNDER, Drake Batherson.
5:00 of 1st overtime period - Goal by Drake Batherson.
5:00 of 1st overtime period - Round #2.
5:00 of 1st overtime period - OKANAGAN RATTLESNAKES, Jujhar Khaira.
5:00 of 1st overtime period - Stopped by Connor Hellebuyck.
5:00 of 1st overtime period - SAN DIEGO THUNDER, Eetu Luostarinen.
5:00 of 1st overtime period - Shot Misses the Net.
5:00 of 1st overtime period - Round #3.
5:00 of 1st overtime period - OKANAGAN RATTLESNAKES, Anders Lee.
5:00 of 1st overtime period - Stopped by Connor Hellebuyck.


BLAKE
WHEELER
STEVEN
STAMKOS
DREW
DOUGHTY

EAST COAST

HOCKEY LEAGUE

  • 63.RHI2PIT5
  • 64.WOR4ATL3
  • 65.QUECHW
  • 66.CHATRV